 Dungeon Sprint DCSS version 0.30.0-19-g36f170ea60 (webtiles) character file.

Game seed: 172425618599328859

32000000 Groucho the Axe Maniac (level 27, 191/228 HPs)
             Began as a Djinni Warper on May 27, 2023.
             Was the Champion of Makhleb.
             Escaped with the Orb!
             The game lasted 00:06:08 (160 turns).

Groucho the Axe Maniac (Djinni Warper)               Turns: 160, Time: 00:06:09

Health: 191/228    AC:  6    Str: 10    XL:     27
Gold:   0          EV: 29    Int: 24    God:    Makhleb [******] SH:  0 Dex: 18

rFire   + + .        i - +∞ Axe of Woe
rCold   x . .        (shield currently unavailable)
rNeg    . . .        b - +0 leather armour
rPois   ∞            (no helmet)
rElec   .            (no cloak)
rCorr   .            (no gloves)
SInv    +            (boots unavailable)
Will    ++...        (no amulet)
Stlth   +++          j - ring of see invisible
HPRegen 0.58/turn    (no ring)
MPRegen 0.00/turn

%: no teleportation
@: flying, hasted (expiring), very quick
A: sickness immunity, fire resistance 2, cold vulnerability 1, float, innate
caster, HP casting, extra vitality 1
0: Orb of Zot
a: Renounce Religion, Minor Destruction, Lesser Servant of Makhleb, Major
Destruction, Greater Servant of Makhleb


You escaped.
You worshipped Makhleb.
Makhleb was exalted by your worship.
You visited 1 branch

Inventory:

Hand Weapons
 a - a +0 hand axe
 g - the +7 sceptre of Torment {pain, torment}
   (You took it off Dispater in the Dungeon)
 i - the +∞ Axe of Woe (weapon)
   (You found it in the Dungeon)
Missiles
 d - 7 boomerangs of dispersal
Armour
 b - a +0 leather armour (worn)
Jewellery
 j - a ring of see invisible (left hand)
 k - a +200 ring of slaying
 l - a +200 ring of slaying
 m - a +200 ring of slaying
 n - a +250 ring of slaying
 o - a +250 ring of slaying
 p - a +30 ring of slaying
 q - a +27000 ring of slaying
Scrolls
 c - 2 scrolls of blinking
Potions
 e - a potion of curing
 f - a potion of heal wounds
 h - a potion of berserk rage


   Skills:
 O Level 27 Fighting
 O Level 27 Short Blades
 O Level 27 Long Blades
 O Level 27 Axes
 O Level 27 Maces & Flails
 O Level 27 Polearms
 O Level 27 Staves
 O Level 27 Ranged Weapons
 O Level 27 Throwing
 O Level 27 Armour
 O Level 27 Dodging
 O Level 27 Stealth
 O Level 27 Shields
 O Level 27 Unarmed Combat
 O Level 27 Spellcasting
 O Level 27 Invocations
 O Level 27 Evocations


You knew the following spells:

 Your Spells              Type           Power      Damage    Failure   Level
a - Blink                 Tloc           100%       N/A       0%          2
b - Lesser Beckoning      Tloc           100%       N/A       0%          2
c - Vhi's Electric Charg  Tloc/Air       100%       N/A       0%          3
d - Teleport Other        Tloc           100%       N/A       0%          3
e - Manifold Assault      Tloc           100%       N/A       0%          4
f - Sting                 Tmut/Pois      100%       1d8       0%          1
g - Searing Ray           Conj           100%       2d8       0%          2
h - Inner Flame           Hex/Fire       100%       N/A       0%          3
i - Summon Ice Beast      Ice/Summ       100%       N/A       0%          4
j - Lee's Rapid Deconstr  Erth           52%        3d24*     0%          5
k - Freezing Cloud        Conj/Ice/Air   52%        6-21      0%          5
l - Iron Shot             Conj/Erth      52%        9d10      0%          6
m - Malign Gateway        Summ/Tloc      52%        N/A       0%          7
n - Summon Hydra          Summ           52%        N/A       0%          7
o - Ignition              Fire           52%        3d14      1%          8
p - Summon Horrible Thin  Summ           52%        N/A       1%          8
q - Shatter               Erth           52%        3d39*     1%          9
r - Chain Lightning       Conj/Air       52%        3d69      1%          9
Your spell library was empty.

Dungeon Overview and Level Annotations

Branches:
Dungeon (1/1)

Altars:
Makhleb


Innate Abilities, Weirdness & Mutations

You are immune to sickness and miasma.
You are immune to poison.
Your flesh is very heat resistant. (rF++)
You are vulnerable to cold. (rC-)
You float through the air rather than walking.
You learn spells naturally, not from books.
Your magical power is your life essence.
You have superior vitality. (+4 MHP)


Message History

The destroyer blinks!
You hear a shout! x2
A dread comes into view.
The fleshlord gestures wildly while chanting.
The fleshlord seems to speed up.
You hear a shout! x2
Unknown command.
Unknown command.
You slash the destroyer!
You butcher the destroyer messily.
You destroy the destroyer!
Makhleb accepts your kill.
You feel better.
You hear a bark!
You hear a shout!
The scourge breathes poison at you.
You hear a shout!
A meat berserker comes into view. It is wielding a +9 battleaxe.
You hear a shout! x2
Unknown command.
Unknown command.
You hear a shout! x4
The scourge throws poison at you.
The bolt of poison hits you but does no damage.
You resist. The dread throws damnation at you.
The sphere of damnation explodes!
The damnation engulfs you!!
You hear an angry hiss.
Things that are here:
a +9 battleaxe; a +30 ring of slaying; a meat berserker corpse Unknown command.
Unknown command.
A scourge comes into view.
You hear a shout!
There is a staircase leading out of the dungeon, spattered with blood here.
Unknown command.
Unknown command.
You hear a shout!
The observer gazes at you. Something smites you!
You hear a shout!
You have escaped!

)).†......
)o..)..))
#p......# #..
#)G.....#
...)###.)....)###)
...)).)po###.)....
.#).o..o°○_...)).
.......#°○...#..
...).o.#°°@._#..
)...o..#○°○..#).)
.#).S.))°._.......
)).oOS).S###W...).
.O).###)......###.
.....#....)..#...
..)).#).....S#)..
..))..).).).))....
#)...)...)))))).).


You could see an observer (fast, invisible), 3 scourges, 2 fleshlords, a dread,
a meat berserker (berserk) and 4 bags of meat.

Vanquished Creatures
  Dispater (D)
  6 hell knights (D)
  Sigmund (D)
  14 hell beasts (D)
  4 royal mummies (D)
  9 great orbs of eyes (D)
  9 wraiths (D)
  13 vampire knights (D)
  42 ogres (D)
  6 two-headed ogres (D)
  12 liches (D)
  7 hydras (D)
  8 phantoms (D)
  71 orcs (D)
  8 skeletal warriors (D)
  5 sea snakes (D)
216 creatures vanquished.

Notes
Turn   | Place    | Note
-------+----------+-------------------------------------------
     0 | D        | Found the +∞ Axe of Woe
     0 | D        | Groucho the Djinni Warper began the quest for the Orb.
     0 | D        | Groucho set off with the following spells memorised: Blink,
                  | Lesser Beckoning, Vhi's Electric Charge, Teleport Other,
                  | Manifold Assault.
     0 | D        | Reached XP level 1. HP: 18/18 MP: 0/0
     2 | D        | Noticed a meat berserker
     2 | D        | Noticed a bag of meat
     4 | D        | Became a worshipper of Makhleb the Destroyer
     5 | D        | Killed a meat berserker
     5 | D        | Noticed a bag of meat
     5 | D        | Noticed a bag of meat
     5 | D        | Noticed a bag of meat
     5 | D        | Noticed a bag of meat
     6 | D        | Reached XP level 2. HP: 23/23 MP: 0/0
     6 | D        | Reached XP level 3. HP: 28/28 MP: 0/0
     6 | D        | Learned a level 1 spell: Sting
     6 | D        | Reached XP level 4. HP: 33/33 MP: 0/0
     6 | D        | Reached XP level 5. HP: 38/38 MP: 0/0
     6 | D        | Learned a level 2 spell: Searing Ray
     6 | D        | Reached XP level 6. HP: 43/43 MP: 0/0
     6 | D        | Reached XP level 7. HP: 49/49 MP: 0/0
     6 | D        | Learned a level 3 spell: Inner Flame
     6 | D        | Reached XP level 8. HP: 54/54 MP: 0/0
     6 | D        | Reached XP level 9. HP: 58/58 MP: 0/0
     6 | D        | Learned a level 4 spell: Summon Ice Beast
     6 | D        | Reached XP level 10. HP: 64/64 MP: 0/0
     6 | D        | Reached XP level 11. HP: 68/68 MP: 0/0
     6 | D        | Learned a level 5 spell: Lee's Rapid Deconstruction
     6 | D        | Reached XP level 12. HP: 74/74 MP: 0/0
     6 | D        | Killed a bag of meat
     6 | D        | Reached * piety under Makhleb
     6 | D        | Killed a bag of meat
     6 | D        | Killed a bag of meat
     7 | D        | Reached XP level 13. HP: 78/78 MP: 0/0
     7 | D        | Learned a level 5 spell: Freezing Cloud
     7 | D        | Reached XP level 14. HP: 85/85 MP: 0/0
     7 | D        | Killed a bag of meat
     7 | D        | Reached ** piety under Makhleb
     7 | D        | Noticed a meat berserker
     8 | D        | Reached skill level 15 in Spellcasting
     8 | D        | Killed a meat berserker
     8 | D        | Noticed a bag of meat
     9 | D        | Reached XP level 15. HP: 89/89 MP: 0/0
     9 | D        | Learned a level 6 spell: Iron Shot
    11 | D        | Noticed a meat berserker
    12 | D        | Reached *** piety under Makhleb
    14 | D        | Reached **** piety under Makhleb
    14 | D        | Noticed a meat berserker
    15 | D        | Reached skill level 27 in Axes
    15 | D        | Reached XP level 16. HP: 94/94 MP: 0/0
    15 | D        | Killed a meat berserker
    15 | D        | Killed a meat berserker
    16 | D        | Reached skill level 27 in Dodging
    16 | D        | Reached XP level 17. HP: 99/99 MP: 0/0
    16 | D        | Learned a level 7 spell: Malign Gateway
    16 | D        | Noticed a meat berserker
    18 | D        | Reached ***** piety under Makhleb
    18 | D        | Killed a meat berserker
    19 | D        | Reached skill level 27 in Spellcasting
    19 | D        | Reached XP level 18. HP: 128/128 MP: 0/0
    20 | D        | Noticed a meat berserker
    20 | D        | Noticed a large bag of meat
    20 | D        | Noticed a large bag of meat
    21 | D        | Killed a large bag of meat
    21 | D        | Killed a large bag of meat
    21 | D        | Reached ****** piety under Makhleb
    21 | D        | Killed a meat berserker
    21 | D        | Noticed a large bag of meat
    22 | D        | Reached XP level 19. HP: 161/161 MP: 0/0
    22 | D        | Learned a level 7 spell: Summon Hydra
    22 | D        | Noticed a destroyer
    22 | D        | Killed a large bag of meat
    22 | D        | Killed a destroyer
    22 | D        | Noticed a meat berserker
    23 | D        | Reached XP level 20. HP: 178/178 MP: 0/0
    23 | D        | Killed a meat berserker
    24 | D        | Reached skill level 27 in Fighting
    24 | D        | Reached skill level 27 in Armour
    24 | D        | Reached XP level 21. HP: 187/187 MP: 0/0
    24 | D        | Learned a level 8 spell: Ignition
    25 | D        | Noticed a meat berserker
    25 | D        | Noticed a destroyer
    25 | D        | Noticed a meat berserker
    26 | D        | Killed a meat berserker
    26 | D        | Killed a destroyer
    26 | D        | Killed a meat berserker
    26 | D        | Noticed a meat berserker
    27 | D        | Reached skill level 27 in Stealth
    27 | D        | Reached skill level 27 in Invocations
    27 | D        | Reached XP level 22. HP: 194/194 MP: 0/0
    27 | D        | Noticed a destroyer
    27 | D        | Killed a destroyer
    27 | D        | Killed a meat berserker
    28 | D        | Noticed a large bag of meat
    30 | D        | Noticed an eight-headed meat hydra
    31 | D        | Killed a nine-headed meat hydra
    31 | D        | Noticed a meat berserker
    32 | D        | Reached skill level 27 in Unarmed Combat
    32 | D        | Reached XP level 23. HP: 201/201 MP: 0/0
    32 | D        | Learned a level 8 spell: Summon Horrible Things
    35 | D        | Noticed a destroyer
    35 | D        | Killed a destroyer
    36 | D        | Reached skill level 15 in Ranged Weapons
    39 | D        | Reached XP level 24. HP: 208/208 MP: 0/0
    39 | D        | Noticed a destroyer
    39 | D        | Killed a destroyer
    39 | D        | Killed a large bag of meat
    44 | D        | Noticed a tyrant
    50 | D        | Killed a tyrant
    51 | D        | Reached skill level 27 in Short Blades
    51 | D        | Reached skill level 27 in Long Blades
    51 | D        | Reached skill level 27 in Ranged Weapons
    51 | D        | Reached skill level 5 in Throwing
    51 | D        | Reached XP level 25. HP: 214/214 MP: 0/0
    51 | D        | Learned a level 9 spell: Shatter
    52 | D        | Noticed a destroyer
    53 | D        | Noticed a destroyer
    53 | D        | Noticed an accursed
    54 | D        | Killed a destroyer
    54 | D        | Killed a destroyer
    54 | D        | Killed an accursed
    55 | D        | Reached XP level 26. HP: 112/221 MP: 0/0
    56 | D        | Reached skill level 27 in Evocations
    56 | D        | Noticed a destroyer
    57 | D        | Noticed a tyrant
    59 | D        | Killed a tyrant
    59 | D        | Killed a destroyer
    60 | D        | Reached skill level 27 in Throwing
    60 | D        | Reached XP level 27. HP: 228/228 MP: 0/0
    60 | D        | Learned a level 9 spell: Chain Lightning
    60 | D        | Noticed a dread
    62 | D        | Noticed a destroyer
    62 | D        | Killed a destroyer
    62 | D        | Noticed a meat beast
    62 | D        | Noticed a tyrant
    63 | D        | Killed a dread
    63 | D        | Killed a tyrant
    64 | D        | Reached skill level 27 in Maces & Flails
    64 | D        | Reached skill level 27 in Polearms
    64 | D        | Reached skill level 1 in Staves
    64 | D        | Killed a meat beast
    65 | D        | Reached skill level 27 in Staves
    65 | D        | Noticed an accursed
    67 | D        | Noticed a meat beast
    67 | D        | Killed a meat beast
    68 | D        | Reached skill level 27 in Shields
    68 | D        | Killed an accursed
    68 | D        | Noticed a dread
    70 | D        | Noticed a dread
    74 | D        | Killed a dread
    76 | D        | Noticed a meat beast
    77 | D        | Killed a meat beast
    77 | D        | Killed a dread
    79 | D        | Noticed a meat beast
    79 | D        | Noticed a meat beast
    80 | D        | Noticed a meat beast
    80 | D        | Killed a meat beast
    80 | D        | Killed a meat beast
    80 | D        | Killed a meat beast
    82 | D        | Noticed a meat beast
    87 | D        | Noticed a tyrant
    88 | D        | Noticed a meat beast
    88 | D        | Noticed a dread
    88 | D        | Noticed a dread
    89 | D        | Killed a tyrant
    89 | D        | Noticed a dread
    90 | D        | Killed a dread
    91 | D        | Killed a dread
    91 | D        | Killed a meat beast
    91 | D        | Killed a dread
    92 | D        | Killed a meat beast
    92 | D        | Noticed a tyrant
    93 | D        | Killed a tyrant
    98 | D        | Noticed a large bag of meat
    98 | D        | Noticed an accursed
    98 | D        | Noticed a tyrant
    99 | D        | Noticed a meat beast
    99 | D        | Killed a tyrant
    99 | D        | Killed an accursed
   100 | D        | Noticed a tyrant
   101 | D        | Killed a large bag of meat
   101 | D        | Killed a tyrant
   101 | D        | Noticed a meat beast
   102 | D        | Killed a meat beast
   103 | D        | Killed a meat beast
   104 | D        | Noticed a tyrant
   105 | D        | Killed a tyrant
   106 | D        | Noticed a tyrant
   107 | D        | Noticed a meat beast
   107 | D        | Noticed a large bag of meat
   107 | D        | Noticed a tyrant
   108 | D        | Killed a tyrant
   108 | D        | Killed a tyrant
   109 | D        | Noticed a dread
   109 | D        | Killed a large bag of meat
   110 | D        | Killed a dread
   111 | D        | Noticed a dread
   112 | D        | Killed a meat beast
   112 | D        | Killed a dread
   117 | D        | Noticed a destroyer
   117 | D        | Noticed a dread
   118 | D        | Killed a destroyer
   118 | D        | Killed a dread
   123 | D        | Noticed a meat beast
   124 | D        | Killed a meat beast
   124 | D        | Noticed a tyrant
   125 | D        | Killed a tyrant
   130 | D        | Noticed an accursed
   131 | D        | Noticed a fleshlord
   131 | D        | Killed an accursed
   131 | D        | Killed a fleshlord
   134 | D        | Noticed a meat beast
   135 | D        | Killed a meat beast
   136 | D        | Noticed a fleshlord
   137 | D        | Killed a fleshlord
   138 | D        | Noticed a fleshlord
   139 | D        | Killed a fleshlord
   141 | D        | Noticed The Captor
   141 | D        | Killed The Captor
   142 | D        | Noticed a destroyer
   143 | D        | Killed a destroyer
   144 | D        | Noticed a destroyer
   145 | D        | Killed a destroyer
   147 | D        | Noticed The Meatlord
   147 | D        | Noticed a fleshlord
   148 | D        | Killed The Meatlord
   148 | D        | Noticed a meat beast
   149 | D        | Got the Orb of Zot
   150 | D        | Noticed a fleshlord
   150 | D        | Noticed a tyrant
   150 | D        | Noticed an accursed
   151 | D        | Noticed a fleshlord
   151 | D        | Noticed a tyrant
   152 | D        | Killed a fleshlord
   152 | D        | Noticed a fleshlord
   153 | D        | Killed a fleshlord
   153 | D        | Killed a meat beast
   153 | D        | Noticed a meat beast
   153 | D        | Noticed a fleshlord
   153 | D        | Noticed a destroyer
   153 | D        | Noticed a tyrant
   155 | D        | Killed a tyrant
   155 | D        | Killed a fleshlord
   155 | D        | Noticed a dread
   156 | D        | Killed a destroyer
   160 | D        | Escaped with the Orb!

Illustrated notes

Levels and vault maps discovered:
D:        meatsprint

Skill      XL: |  1  2  3  4  5  6  7  8  9 10 11 12 13 14 15 16 17 18 19 20 21 22 23 24 25 26 27 |
---------------+----------------------------------------------------------------------------------+-----
Axes           | 17 21 23 27 | 27.0
Dodging        | 16 20 22 25 27 | 27.0
Spellcasting   | 12 14 16 18 23 27 | 27.0
Fighting       | 11 22 26 27 | 27.0
Armour         | 11 22 26 27 | 27.0
Stealth        | 18 22 25 27 | 27.0
Invocations    | 27 | 27.0
Unarmed Combat | 4 27 | 27.0
Short Blades   | 8 20 27 | 27.0
Long Blades    | 8 20 27 | 27.0
Ranged Weapons | 7 18 27 | 27.0
Throwing       | 5 20 27 | 27.0
Evocations     | 6 24 27 | 27.0
Maces & Flails | 14 27 | 27.0
Polearms       | 14 27 | 27.0
Staves         | 27 | 27.0
Shields        | 27 | 27.0

Action                     |  1- 3 |  4- 6 |  7- 9 | 10-12 | 13-15 | 16-18 | 19-21 | 22-24 | 25-27 || total
---------------------------+-------+-------+-------+-------+-------+-------+-------+-------+-------++-------
  Melee: Executioner's axe |     1 |       |       |     3 |     7 |    15 |    11 |    23 |   156 ||   216
   Cast: Manifold Assault  |       |       |       |     1 |     5 |     4 |     4 |     9 |    59 ||    82
    Use: Potion            |       |       |       |       |       |       |       |       |     1 ||     1
   Stab: Distracted        |       |       |       |       |       |       |       |       |     1 ||     1
  Dodge: Dodged            |       |       |       |       |       |       |       |       |     1 ||     1
